 Dungeon Crawl Stone Soup version 0.32-a0-921-g04a7ad8e02 (webtiles) character file.

Game seed: 4907766666582424058

1469 Autsider the Toxicologist (level 8, -2/39 HPs)
             Began as a Spriggan Alchemist on Apr 12, 2024.
             Was an Initiate of Ashenzari.
             Slain by Joseph
             ... wielding a +0 quarterstaff
              (14 damage)
             ... on level 7 of the Dungeon.
             The game lasted 00:15:35 (6654 turns).

Autsider the Toxicologist (Spriggan Alchemist)      Turns: 6654, Time: 00:15:36

Health: -2/39      AC:  4    Str:  4    XL:     8   Next: 49%
Magic:  7/15       EV: 18    Int: 18    God:    Ashenzari [......]
Gold:   29         SH:  0    Dex: 16    Spells: 6/15 levels left

rFire   . . .        d - +0 shortbow
rCold   . . .        (shield currently unavailable)
rNeg    + . .        v - +2 robe {Will+}
rPois   .            (helmet restricted)
rElec   .            (no cloak)
rCorr   .            (gloves unavailable)
SInv    +            (boots unavailable)
Will    ++...        (no amulet)
Stlth   +++          e - ring of positive energy
HPRegen 0.26/turn    (no ring)
MPRegen 0.14/turn

%: no passive effects
@: very quick
A: very small, no large weapons, unfitting armour, see invisible, speed 3
a: Renounce Religion


You were on level 7 of the Dungeon.
You worshipped Ashenzari.
Ashenzari was noncommittal.
You visited 2 branches of the dungeon, and saw 8 of its levels.

You collected 387 gold pieces.
You spent 358 gold pieces at shops.

Inventory:

Hand Weapons
 d - a +0 shortbow (weapon)
 l - a +0 spear of venom
 y - a +2 short sword of venom
Missiles
 u - 2 throwing nets
Armour
 a - a +0 robe
 v - a +2 robe of willpower (worn)
Jewellery
 e - a ring of positive energy (left hand)
 g - a +6 ring of strength
 p - a ring of magical power
 w - an amulet of regeneration
Wands
 f - a wand of charming (8)
 t - a wand of roots (6)
Scrolls
 c - a scroll of teleportation {@r2}
 h - a scroll of vulnerability
 i - a scroll of torment
 j - a scroll of noise
 k - 2 scrolls of revelation
 m - a scroll of blinking {unknown}
 n - a scroll of immolation {unknown}
 o - a scroll of fog {unknown}
 r - a scroll of enchant armour {unknown}
Potions
 b - 5 potions of magic
 q - a potion of attraction {unknown}
 s - a potion of degeneration {unknown}
 x - a potion of brilliance {unknown}
 z - 2 potions of cancellation {unknown}
 A - a potion of curing {unknown}


   Skills:
 + Level 1.9 Fighting
 + Level 4.4 Dodging
 + Level 5.1 Stealth
 + Level 4.1 Spellcasting
 - Level 0.6 Conjurations
 - Level 4.0 Fire Magic
 - Level 9.0 Alchemy


You had 6 spell levels left.
You knew the following spells:

 Your Spells              Type           Power      Damage    Failure   Level
a - Sting                 Conj/Alch      84%        1d8       1%          1
b - Olgreb's Toxic Radia  Alch           36%        N/A       3%          4
c - Sticky Flame          Fire/Alch      27%        2d7       10%         4

Your spell library contained the following spells:

 Spells                   Type           Power      Damage    Failure   Level
 Mercury Vapours          Alch/Air       38%        N/A       3%          2
 Mephitic Cloud           Conj/Alch/Air  15%        N/A       12%         3
 Lesser Beckoning         Tloc           6%         N/A       22%         2
 Maxwell's Portable Pile  Tloc           3%         2d(5-14)  41%         3
 Teleport Other           Tloc           3%         N/A       41%         3


Dungeon Overview and Level Annotations

Branches:
Dungeon (7/15)             Temple (1/1) D:6

Altars:
Ashenzari
Cheibriados
Elyvilon
Gozag
Kikubaaqudgha
Okawaru
Qazlal
Ru
Sif Muna
Trog
Uskayaw
Vehumet
Wu Jian
Xom
The Shining One

Shops:
D:5 *

Annotations:
D:5 2 transporters, mopl's ghost, novice DrSu
D:6 1 runed translucent door, Crazy Yiuf; Eustachio
D:7 Joseph


Innate Abilities, Weirdness & Mutations

You are very small and have problems with some larger weapons.
You are too small for most types of armour.
You have supernaturally acute eyesight. (SInv)
You cover ground extremely quickly. (Speed+++)


Message History

You shoot an arrow. The arrow hits the orc.
The orc is severely wounded.
You kill the orc! x3
Your toxic aura wanes.
You climb upwards.
Level annotation: 1 runed translucent door, Crazy Yiuf; Eustachio
There is a stone staircase leading down here.
Search for what [Enter for "."]? .
A wraith is nearby!
Found a glowing orange potion.
A - a glowing orange potion The wraith hits you!
Search for what [Enter for "."]?
Items here: ))) [[[.
y - a +2 short sword of venom You see here 5 poisoned darts.
There is a stone staircase leading down here.
You climb downwards.
There is a stone staircase leading up here.
Joseph, a Mercenary comes into view.
He is wielding a +0 quarterstaff and wearing a +2 ring mail of poison resistance.
Found a stone staircase leading down.
Joseph shouts!
Joseph unwields a +0 quarterstaff.
Joseph wields a +10 sling.
Joseph shoots a sling bullet.
The sling bullet barely misses you.
Casting: Olgreb's Toxic Radiance (dangerous; 3% risk of failure)
Confirm with . or Enter, or press ? or * to list all spells.
You begin to radiate toxic energy.
Joseph shoots a sling bullet.
The sling bullet hits you!!
Ouch! That really hurt!
* * * LOW HITPOINT WARNING * * *
Casting: Olgreb's Toxic Radiance (dangerous; 3% risk of failure)
Confirm with . or Enter, or press ? or * to list all spells.
Aiming: Sticky Flame (quite dangerous; 10% risk of failure)
Press: ? - help, Shift-Dir - straight line, f - Joseph
Aim: Joseph, wielding a +10 sling and wearing a +2 ring mail of poison resistance The sticky flame hits Joseph but does no damage.
Your toxic aura wanes.
Joseph burns!
Joseph unwields a +10 sling.
Joseph wields a +0 quarterstaff.
Joseph hits you with a +0 quarterstaff!
You die...

...... ..... ....
... ##>. #.. ##@#
##.@######
#........####
##............
##.............
##..............
#......<........
..#######.......#
.. #########


You could see Joseph (burning).

Vanquished Creatures
  A black bear (D:5)
  A centaur (D:5)
  Blork the orc (D:6)
  2 bullfrogs (D:6)
  A scorpion (D:5)
  4 wights (D:6)
  A howler monkey (D:5)
  A bombardier beetle (D:5)
  A jelly (D:4)
  2 gnoll boudas
  3 hounds
  2 orc priests
  8 iguanas
  An orc wizard (D:5)
  12 gnolls
  10 adders
  3 ribbon worms
  2 dart slugs
  19 orcs
  An endoplasm (D:4)
  2 giant cockroaches
  3 goblins
  2 hobgoblins
  7 kobolds
  3 quokkas
  4 ball pythons
  6 bats
  3 frilled lizards
  5 rats
111 creatures vanquished.

Notes
Turn   | Place    | Note
-------+----------+-------------------------------------------
     0 | D:1      | Autsider the Spriggan Alchemist began the quest for the
                  | Orb.
     0 | D:1      | Reached XP level 1. HP: 9/9 MP: 5/5
   417 | D:1      | Reached XP level 2. HP: 13/13 MP: 1/6
   960 | D:2      | Reached skill level 4 in Alchemy
  1172 | D:2      | Reached skill level 1 in Fire Magic
  1777 | D:3      | Reached XP level 3. HP: 16/16 MP: 6/8
  2324 | D:3      | Reached XP level 4. HP: 17/21 MP: 6/9
  2382 | D:3      | Learned a level 4 spell: Olgreb's Toxic Radiance
  2709 | D:3      | Reached skill level 5 in Alchemy
  3502 | D:4      | Reached XP level 5. HP: 24/24 MP: 5/10
  3882 | D:4      | Reached skill level 6 in Alchemy
  4103 | D:4      | Learned a level 4 spell: Sticky Flame
  4135 | D:5      | Entered Level 5 of the Dungeon
  4190 | D:5      | Reached XP level 6. HP: 21/28 MP: 7/11
  4293 | D:5      | Found a snail-covered altar of Cheibriados.
  4431 | D:5      | Reached skill level 7 in Alchemy
  4607 | D:5      | Reached XP level 7. HP: 25/32 MP: 1/12
  4743 | D:5      | Found a transporter.
  4770 | D:5      | Reached skill level 8 in Alchemy
  4857 | D:5      | Noticed mopl's ghost (novice DrSu)
  4887 | D:5      | Found a transporter.
  5074 | D:5      | Found Jaxeq's Assorted Antiques.
  5078 | D:5      | Bought a scroll labelled GUOC POCSUUDOTH for 28 gold pieces
  5078 | D:5      | Bought a shiny silver ring for 140 gold pieces
  5078 | D:5      | Bought a lumpy black potion for 25 gold pieces
  5078 | D:5      | Bought a scroll labelled QOCHEO IGUB for 28 gold pieces
  5078 | D:5      | Bought a grey potion for 25 gold pieces
  5078 | D:5      | Bought a worn lead wand for 112 gold pieces
  5392 | D:6      | Found a runed translucent door.
  5393 | D:6      | Noticed Crazy Yiuf
  5395 | D:6      | Noticed Eustachio
  5420 | D:6      | Noticed Blork the orc
  5422 | D:6      | Reached skill level 9 in Alchemy
  5422 | D:6      | Reached XP level 8. HP: 36/36 MP: 4/13
  5433 | D:6      | Killed Blork the orc
  5677 | D:6      | Reached skill level 1 in Fighting
  5710 | D:6      | Found a staircase to the Ecumenical Temple.
  5719 | Temple   | Entered the Ecumenical Temple
  5752 | Temple   | Became a worshipper of Ashenzari the Shackled
  5847 | D:6      | Found a bloodstained altar of Trog.
  5915 | D:6      | Found a stormy altar of Qazlal.
  6214 | D:6      | Found a hide-covered altar of Uskayaw.
  6241 | D:6      | Reached skill level 5 in Stealth
  6438 | D:6      | Found a shimmering blue altar of Sif Muna.
  6539 | D:7      | Found a radiant altar of Vehumet.
  6649 | D:7      | Noticed Joseph
  6654 | D:7      | Slain by Joseph

Illustrated notes

Levels and vault maps discovered:
D:1:      amcnicky_arrival_double_pillar, layout_basic, hex_intersection,
          chequers_garden
D:2:      layout_loops_cross
D:3:      wad_lake_hut, layout_basic, serial_co_window_serial,
          co_window_corner_a, co_window_of_opportunity_a, co_window_corner_a,
          co_window_of_opportunity_a, co_window_paths_b, co_window_broadway_b,
          co_window_unsneaky_path_b, co_window_corner_ca,
          co_window_of_opportunity_b, co_window_broadway_a, glass_columns_b,
          glass_columns_b, glass_columns_c, glass_columns_a, glass_columns_a
D:4:      layout_loops_ring, mrwooster_statue_mirror,
          minmay_misc_feat_secret_circle
D:5:      layout_cave_pools, cheibriados_altar_1, serial_shops,
          nicolae_shop_back_alley_shop, gammafunk_ghost_stat_death,
          minmay_misc_feat_alley, minivault_14
D:6:      layout_basic, nicolae_uskayaw_dance_hall,
          mainiacjoe_overflow_brackets, mainiacjoe_overflow_catwalk,
          nicolae_sif_muna_little_library, fedhas_altar_fruit_tree, temple_hall,
          serial_curves, eino_curves_04, eino_curves_04,
          uniq_crazy_yiuf_cottage, uniq_blork_the_orc, uniq_eustachio
D:7:      layout_cave_pods, nicolae_dithmenos_through_a_glass_darkly,
          mainiacjoe_overflow_alcove_2, minmay_unpleasant_kobolds, uniq_joseph
Temple:   hellmonk_temple_beads

Skill      XL: |  1  2  3  4  5  6  7  8 |
---------------+-------------------------+-----
Alchemy        | 4 5 6 7 9 |  9.0
Fire Magic     | 1 2 3 4 |  4.0
Dodging        | 4 |  4.4
Spellcasting   | 4 |  4.1
Fighting       | 1 |  1.9
Stealth        | 5 |  5.1
Conjurations   | |  0.6

Action                     |  1- 3 |  4- 6 |  7- 9 || total
---------------------------+-------+-------+-------++-------
  Melee: Spear             |    16 |    47 |    10 ||    73
         Unarmed           |     4 |       |       ||     4
   Fire: Shortbow          |       |       |    39 ||    39
   Cast: Sting             |    51 |    30 |     6 ||    87
         Olgreb's Toxic Ra |       |    21 |    24 ||    45
         Sticky Flame      |       |       |     7 ||     7
    Use: Potion            |       |     2 |       ||     2
         Scroll            |       |       |     5 ||     5
   Stab: Sleeping          |     1 |     3 |       ||     4
         Distracted        |       |     1 |       ||     1
 Armour: Robe              |     6 |    23 |    18 ||    47
  Dodge: Dodged            |    20 |    29 |    28 ||    77

Table legend: (Time is in decaauts)
 A = Elapsed time spent in this place.
 B = Non-inter-level travel time spent in this place.
 C = Inter-level travel time spent in this place.
 D = Time resting spent in this place.
 E = Time spent auto-exploring this place.
 F = Levels seen in this place.
 G = Mean time per level.
                   A        B        C        D        E       F      G
               +--------+--------+--------+--------+--------+-----+--------+
         Total |   5136 |   5016 |    120 |     91 |   4062 |   8 |  642.0 |
       Dungeon |   5094 |   5013 |     81 |     91 |   4062 |   7 |  727.7 |
        Temple |     41 |      2 |     39 |      0 |      0 |   1 |   41.0 |
               +--------+--------+--------+--------+--------+-----+--------+

Top non-repeatable levels by time:
     D:3: 1125 daAuts
     D:6: 1029 daAuts
     D:5: 952 daAuts
     D:4: 875 daAuts
     D:1: 589 daAuts
     D:2: 513 daAuts
  Temple: 41 daAuts
     D:7: 9 daAuts
